 Dungeon Crawl Stone Soup version 0.31.0-11-ge490571c62 (webtiles) character file.

Game seed: 5601969454466760674

8 browni3141 the Conjurer (level 2, 19/19 HPs)
             Began as a Demonspawn Conjurer on Jan 30, 2024.
             Got out of the dungeon alive.
             The game lasted 00:00:46 (483 turns).

browni3141 the Conjurer (Demonspawn Conjurer)        Turns: 483, Time: 00:00:47

Health: 19/19      AC:  2    Str:  7    XL:     2   Next: 0%
Magic:  5/5        EV: 12    Int: 18    God:
Gold:   36         SH:  0    Dex: 11    Spells: 4/5 levels left

rFire   . . .        c - +0 short sword
rCold   . . .        (no shield)
rNeg    . . .        a - +0 robe
rPois   .            (no helmet)
rElec   .            (no cloak)
rCorr   .            (no gloves)
SInv    .            (no boots)
Will    .....        (no amulet)
Stlth   ++           (no ring)
HPRegen 0.23/turn    (no ring)
MPRegen 0.09/turn

%: no passive effects
@: no status effects
A: hooves 1
a: no special abilities


You escaped.
You visited 1 branch of the dungeon, and saw 1 of its levels.

You collected 36 gold pieces.

Inventory:

Hand Weapons
 c - a +0 short sword (weapon)
Missiles
 f - 2 boomerangs
Armour
 a - a +0 robe (worn)
Scrolls
 e - a scroll of identify {unknown}
Potions
 b - a potion of magic
 d - a potion of degeneration {unknown}


   Skills:
 + Level 2.0 Dodging
 + Level 2.0 Stealth
 + Level 2.1 Spellcasting
 + Level 4.1 Conjurations


You had 4 spell levels left.
You knew the following spells:

 Your Spells              Type           Power      Damage    Failure   Level
a - Magic Dart            Conj           64%        1d6       3%          1

Your spell library contained the following spells:

 Spells                   Type           Power      Damage    Failure   Level
 Searing Ray              Conj           32%        2d5       4%          2
 Fulminant Prism          Conj/Alch      4%         3d5       58%         4
 Iskenderun's Mystic Bla  Conj/Tloc      9%         2d4       58%         4


Dungeon Overview and Level Annotations

Branches:
Dungeon (1/15)

Altars:


Innate Abilities, Weirdness & Mutations

You have large cloven feet.


Message History

There is an open door here.
Things that are here:
a +0 short sword; 3 stones
c - a +0 short sword (weapon)
An endoplasm is nearby!
You close the door, pushing everything out of the way.
You close the door.
You start resting.
HP restored.
You start resting.
Magic restored.
You open the door.
There is an open door here.
An endoplasm is nearby!
The magic dart hits the endoplasm but does no damage.
The magic dart hits the endoplasm.
You kill the endoplasm!
You can't see any susceptible monsters within range! (Use Z to cast anyway.)
You see here 3 stones.
You now have 15 gold pieces.
d - a glowing purple potion A frilled lizard comes into view.
The frilled lizard hisses angrily.
A frilled lizard is nearby!
A frilled lizard is nearby!
The magic dart hits the frilled lizard.
You kill the frilled lizard!
You can't see any susceptible monsters within range! (Use Z to cast anyway.)
You can't see any susceptible monsters within range! (Use Z to cast anyway.)
You can't see any susceptible monsters within range! (Use Z to cast anyway.)
Found a stone staircase leading down.
There is a stone staircase leading down here.
You see here a +0 club.
You now have 24 gold pieces (gained 9).
e - a scroll labelled UHAWNU FEIHYKK You open the door.
There is an open door here.
You open the door.
There is an open door here.
You now have 36 gold pieces (gained 12).
A giant cockroach comes into view.
The magic dart hits the giant cockroach.
The giant cockroach is severely wounded.
The magic dart hits the giant cockroach.
You kill the giant cockroach!
You can't see any susceptible monsters within range! (Use Z to cast anyway.)
A bat comes into view.
A bat is nearby!
A bat is nearby!
A bat is nearby!
The magic dart hits the bat.
The bat is moderately wounded.
The magic dart hits the bat.
You kill the bat!
You can't see any susceptible monsters within range! (Use Z to cast anyway.)
f - 2 boomerangs You open the door.
A kobold comes into view. It is wielding a +0 short sword.
The kobold shouts!
A kobold is nearby!
A kobold is nearby!
A kobold is nearby!
The magic dart hits the kobold.
The kobold is moderately wounded.
The kobold hits you with a +0 short sword.
The magic dart hits the kobold but does no damage.
The kobold is moderately wounded.
The kobold hits you with a +0 short sword.
The magic dart hits the kobold.
You kill the kobold!
There is an open door here.
Things that are here:
a +0 short sword; a kobold corpse HP restored.
A quokka comes into view.
A quokka is nearby!
A quokka is nearby!
A quokka is nearby!
The magic dart hits the quokka.
You kill the quokka!
Your Dodging skill increases to level 2!
Your Stealth skill increases to level 2!
You can't see any susceptible monsters within range! (Use Z to cast anyway.)
You can't see any susceptible monsters within range! (Use Z to cast anyway.)
A frilled lizard comes into view.
The frilled lizard hisses angrily.
The frilled lizard moves out of view.
A frilled lizard is nearby!
The magic dart hits the frilled lizard.
You kill the frilled lizard!
You have reached level 2!
Your demonic ancestry asserts itself...
Your feet thicken and deform.
There is an open door here.
Things that are here:
a +0 short sword; a kobold corpse You see here 3 stones.
There is an open door here.
There is a staircase leading out of the dungeon here.
You have escaped!

#.# #.#
#.§§§§# ###...
#.# #.#
#§§§§§# #...
###.####.#
#§.§§§# #...
.........#
#...§.# #...
########.#
#...§.# #...
#.# #.....#
#### #.##
##...## # #..#
#P##.##P# #
##.###P.#@#.P#
#
#....P.###.P#
#
####.P..#..P#
# #.......## #
######### #


There were no monsters in sight!

Vanquished Creatures
  An endoplasm (D:1)
  A giant cockroach (D:1)
  A quokka (D:1)
  A bat (D:1)
  2 frilled lizards (D:1)
  2 kobolds (D:1)
8 creatures vanquished.

Notes
Turn   | Place    | Note
-------+----------+-------------------------------------------
     0 | D:1      | browni3141 the Demonspawn Conjurer began the quest for the
                  | Orb.
     0 | D:1      | Reached XP level 1. HP: 13/13 MP: 3/3
   438 | D:1      | Gained mutation: You have large cloven feet. [demonic
                  | ancestry]
   438 | D:1      | Reached XP level 2. HP: 19/19 MP: 3/5
   483 | D:$      | Got out of the dungeon alive.

Illustrated notes

Levels and vault maps discovered:
D:1:      roadster_arrival_rocket_small, layout_basic, minmay_crystal_water

Skill      XL: |  1 |
---------------+----+-----
Dodging        | 2 |  2.0
Stealth        | 2 |  2.0
Spellcasting   | |  2.1
Conjurations   | |  4.1

Action                     || total
---------------------------++-------
  Melee: Unarmed           ||     7
   Cast: Magic Dart        ||    19
 Armour: Robe              ||     9
  Dodge: Dodged            ||    16
